[Event "Late-Titled-Tuesday-Blitz-February-06-2024"]
[Site "Chess.com"]
[Date "2024.02.06"]
[Round "2"]
[White "Supergiuly"]
[Black "Malev212"]
[Result "0-1"]
[WhiteElo "2365"]
[BlackElo "2657"]
[TimeControl "180+1"]
[EndTime "14:15:40 PST"]
[Termination "Malev212 won by resignation"]

1. e4 c5 2. Nf3 d6 3. d4 Nf6 4. Nc3 cxd4 5. Nxd4 g6 6. Be2 Bg7 7.
O-O a6 8. f4 Nbd7 9. Be3 b5 10.
a3 Bb7 11. Kh1 Nxe4 12. Nxe4 Bxe4 13. f5 O-O 14. fxg6 hxg6 15. Bf3 Bxf3 16. Qxf3 Ne5 17. Qe2 Rc8 18. c3 Qd7 19. Rad1 d5 20. Nb3 Nc4 21. Nc5 Qc6 22. Nd3 e5 23. Nb4 Qb7 24. Nxd5 Rcd8 25.
Qf3 Rxd5 26. Rxd5 Nxe3 27. Qxe3 Qxd5 28. h3 e4 29. Re1 Re8 30. Qa7 Qd2 31. Rf1 f5 32. Qxa6 Kh7 33. Qxb5 Qd3 34. Qxe8 Qxf1+ 35. Kh2 Qf4+ 36. Kg1 e3 37. h4 Qf2+ 0-1

[Event "Late-Titled-Tuesday-Blitz-February-06-2024"]
[Site "Chess.com"]
[Date "2024.02.06"]
[Round "2"]
[White "ValeriyGrinev"]
[Black "Jarrahi2452"]
[Result "1/2-1/2"]
[WhiteElo "2547"]
[BlackElo "2798"]
[TimeControl "180+1"]
[EndTime "14:15:41 PST"]
[Termination "Game drawn by agreement"]

1. d4 d5 2. c4 c6 3. cxd5 cxd5 4. Bf4 Nc6 5. e3 Nf6 6. Nc3 Bf5 7. Qb3 Na5 8. Qa4+ Bd7 9. Qc2 e6 10. Nf3 Rc8 11. Bd3 Nc4 12. O-O Bd6 13. Bxc4 Bxf4 14. Bxd5 Bxh2+ 15. Nxh2 Nxd5 16. Qb3 Bc6 17. Qa3 a6 18. Ne4 Nb4 19. Qxb4 Bxe4 20. f3 Bc6 21. Ng4 Qe7 22. Qxe7+ Kxe7 23. Rfc1 f6 24. Nf2 Bd7 25. Nd3 Rxc1+ 26. Rxc1 Rc8 27. Rxc8 Bxc8 28. Kf2 Kd6 29. e4 Bd7 30. Ke3 Bb5 1/2-1/2

[Event "Late-Titled-Tuesday-Blitz-February-06-2024"]
[Site "Chess.com"]
[Date "2024.02.06"]
[Round "2"]
[White "Msb2"]
[Black "jsdbv18"]
[Result "1-0"]
[WhiteElo "3004"]
[BlackElo "2622"]
[TimeControl "180+1"]
[EndTime "14:15:43 PST"]
[Termination "Msb2 won by resignation"]

1. d4 Nf6 2. c4 e6 3. Nc3 Bb4 4. e3 O-O 5. Bd2 d5 6. Nf3 Nbd7 7. Rc1 c6 8. Bd3 dxc4 9. Bxc4 b5 10. Bd3 Bb7 11. O-O a6 12. e4 c5 13. e5 Bxc3 14. bxc3 Nd5 15. Ng5 g6 16. Ne4 cxd4 17. cxd4 Rc8 18. Rxc8 Qxc8 19. Bh6 Rd8 20. Nd6 Qc7 21.
Qd2 Ba8 22. Rc1 Qb6 23. Be4 Nf8 24. Bg5 Rb8 25. Bxd5 Bxd5 26. Bf6 1-0

[Event "Late-Titled-Tuesday-Blitz-February-06-2024"]
[Site "Chess.com"]
[Date "2024.02.06"]
[Round "2"]
[White "IraZyne"]
[Black "FrenchHarvey"]
[Result "0-1"]
[WhiteElo "2327"]
[BlackElo "2694"]
[TimeControl "180+1"]
[EndTime "14:15:43 PST"]
[Termination "FrenchHarvey won by resignation"]

1. e4 c5 2. Nc3 Nc6 3. g3 g6 4. Bg2 Bg7 5. d3 d6 6. Nge2 Rb8 7. O-O b5 8. a3 h5 9. h3 Nd4 10. Be3 e5 11. f4 exf4 12. Nxf4 Ne7 13. Qd2 O-O 14. Ncd5 Nxd5 15. Nxd5 Be6 16. Bg5 f6 17. Bh6 Bxd5 18. Bxg7 Kxg7 19. exd5 Re8 20. Rae1 Qd7 21. c3 Nf5 22. Qf4 Rxe1 23. Rxe1 Re8 24. Re4 Re5 25. Kh2 h4 26. gxh4 Ne7 27. Rxe5 fxe5 28.
Qg4 Qf5 29. Be4 Qf2+ 30. Qg2 Qf4+ 31. Qg3 Kf6 32. Kg2 Qxg3+ 33. Kxg3 Nc8 34. Kg4 Nb6 35.
h5 gxh5+ 36. Kxh5 Na4 37. Kg4 Nxb2 38. h4 Nd1 39. h5 Nxc3 40. h6 Nxe4 41. dxe4 Kg6 42.
h7 Kxh7 43. Kf5 c4 44. Ke6 c3 45. Kxd6 c2 46. Ke7 c1=Q 47. d6 Qxa3 0-1

[Event "Late-Titled-Tuesday-Blitz-February-06-2024"]
[Site "Chess.com"]
[Date "2024.02.06"]
[Round "2"]
[White "javierfreilemartin"]
[Black "subham777"]
[Result "0-1"]
[WhiteElo "2313"]
[BlackElo "2530"]
[TimeControl "180+1"]
[EndTime "14:15:45 PST"]
[Termination "subham777 won by resignation"]

1. c4 e6 2. Nc3 d5 3. d4 Nf6 4. Bg5 Be7 5. e3 O-O 6. Qc2 h6 7. Bh4 b6 8. Nf3 Bb7 9. Bxf6 Bxf6 10.
cxd5 exd5 11. Be2 Nd7 12. O-O c5 13. Rfd1 Rc8 14. Rac1 cxd4 15. Nxd4 Qe7 16. Bg4 Rfd8 17.
Qb3 Nc5 18. Qa3 Ra8 19. b4 Ne4 20. Nxe4 dxe4 21. Nf5 Qe5 22. b5 Rxd1+ 23. Rxd1 Bc8 24. Nxh6+ gxh6 25. Bxc8 Rxc8 26. Qxa7 Qd6 27. g3 Qxd1+ 0-1

[Event "Late-Titled-Tuesday-Blitz-February-06-2024"]
[Site "Chess.com"]
[Date "2024.02.06"]
[Round "2"]
[White "pfalcon1949"]
[Black "Balla_Tamas"]
[Result "0-1"]
[WhiteElo "1957"]
[BlackElo "2418"]
[TimeControl "180+1"]
[EndTime "14:15:45 PST"]
[Termination "Balla_Tamas won by resignation"]

1. e4 c5 2. Nf3 Nc6 3. d4 cxd4 4. Nxd4 e5 5. Nb5 d6 6. N1c3 a6 7. Na3 b5 8. Nd5 Nge7 9. Bg5 h6 10. Bh4 Be6 11.
c4 Bxd5 12. exd5 Nd4 13. Qd2 g5 14. Bg3 Bg7 15. cxb5 f5 16. f3 O-O 17. Bc4 axb5 18. Nxb5 Nxb5 19. Bxb5 e4 20. fxe4 fxe4 21. Rf1 Nf5 22.
Bc6 Rb8 23. O-O-O Bxb2+ 24. Qxb2 Rxb2 25. Kxb2 Nxg3 26. hxg3 Qb6+ 27. Ka1 Rxf1 28. Rxf1 Qd4+ 0-1

[Event "Late-Titled-Tuesday-Blitz-February-06-2024"]
[Site "Chess.com"]
[Date "2024.02.06"]
[Round "2"]
[White "Mazetovic"]
[Black "CFalcons8"]
[Result "0-1"]
[WhiteElo "2604"]
[BlackElo "2366"]
[TimeControl "180+1"]
[EndTime "14:15:46 PST"]
[Termination "CFalcons8 won by checkmate"]

1. d4 Nf6 2. Nf3 e6 3. Bg5 c5 4.
e4 Be7 5. e5 Nd5 6. Bxe7 Qxe7 7. c4 Nb6 8. Nc3 Nc6 9. Ne4 cxd4 10. Nd6+ Kf8 11. c5 Nd5 12. Bc4 b6 13. Nxd4 Nxe5 14. Bxd5 exd5 15. N4f5 Nf3+ 16. Kf1 Ba6+ 17. Qe2 Qxe2# 0-1

[Event "Late-Titled-Tuesday-Blitz-February-06-2024"]
[Site "Chess.com"]
[Date "2024.02.06"]
[Round "2"]
[White "Atousa"]
[Black "olawsson"]
[Result "1-0"]
[WhiteElo "2469"]
[BlackElo "2167"]
[TimeControl "180+1"]
[EndTime "14:15:46 PST"]
[Termination "Atousa won by resignation"]

1. Nf3 d6 2. e4 c5 3. d4 cxd4 4. Nxd4 Nf6 5. Nc3 a6 6. Bc4 e6 7. O-O Nbd7 8. Bxe6 fxe6 9. Nxe6 Qb6 10. Nd5 Nxd5 11. exd5 Nc5 12. Nxc5 dxc5 13. Re1+ Kf7 14. Bg5 g6 15. Qf3+ Kg7 16. Qc3+ Kg8 17. Bf6 Bf5 18.
Bxh8 1-0

[Event "Late-Titled-Tuesday-Blitz-February-06-2024"]
[Site "Chess.com"]
[Date "2024.02.06"]
[Round "2"]
[White "IsaqueGoncalvesSanto"]
[Black "giomar27"]
[Result "0-1"]
[WhiteElo "1932"]
[BlackElo "2418"]
[TimeControl "180+1"]
[EndTime "14:15:46 PST"]
[Termination "giomar27 won by resignation"]

1. d4 g6 2. c4 Bg7 3. Nc3 c5 4. d5 Bxc3+ 5. bxc3 e5 6. e4 d6 7. Bd3 Nf6 8. Ne2 Na6 9. f3 Nc7 10. Bh6 Nxe4 11. Qc1 Nf6 12. Qg5 Nh5 13. Qe3 Qe7 14.
Ng3 Nf4 15. Bf1 Bd7 16. Ne2 Nxe2 17. Bxe2 O-O-O 18. a4 f5 19. a5 f4 20. Qc1 Qh4+ 21.
Kf1 Qxh6 22. Bd3 Bf5 23. Be4 Bxe4 24. fxe4 Rhf8 25. Qb2 f3 26. g3 Qh3+ 27. Ke1 f2+ 28. Ke2 Qg2 29. Rhf1 Qxe4+ 30. Kd2 Qxc4 31. Rab1 Qxd5+ 32. Ke2 Qf3+ 33. Kd2 Na6 34. Qxb7+ Qxb7 0-1

[Event "Late-Titled-Tuesday-Blitz-February-06-2024"]
[Site "Chess.com"]
[Date "2024.02.06"]
[Round "2"]
[White "Harsha_Bharathakoti"]
[Black "KChor05"]
[Result "1-0"]
[WhiteElo "2910"]
[BlackElo "2600"]
[TimeControl "180+1"]
[EndTime "14:15:52 PST"]
[Termination "Harsha_Bharathakoti won by resignation"]

1. Nf3 c5 2. c4 Nf6 3. Nc3 e6 4. g3 Be7 5. Bg2 O-O 6. O-O Nc6 7.
d4 cxd4 8. Nxd4 a6 9. b3 Qc7 10. Bb2 d6 11. Rc1 Bd7 12. Nd5 Qd8 13.
Nxe7+ Qxe7 14. Qd2 Nxd4 15. Qxd4 Bc6 16. e4 Rfd8 17.
Rfd1 e5 18. Qe3 a5 19. f3 Nd7 20. Rd2 Nc5 21. Bf1 Rf8 22. Rcd1 Rad8 23. Bh3 b6 24. a3 g6 25. b4 axb4 26. axb4 Na4 27. Ba1 f5 28. exf5 gxf5 29. f4 Be4 30. c5 1-0

[Event "Late-Titled-Tuesday-Blitz-February-06-2024"]
[Site "Chess.com"]
[Date "2024.02.06"]
[Round "2"]
[White "Hikaru"]
[Black "Andrei_Skvortsov"]
[Result "1-0"]
[WhiteElo "3326"]
[BlackElo "2678"]
[TimeControl "180+1"]
[EndTime "14:16:01 PST"]
[Termination "Hikaru won by resignation"]

1. Nf3 g6 2. e4 c5 3. c3 Bg7 4. d4 cxd4 5. cxd4 d5 6. e5 Bg4 7.
Nbd2 Nc6 8. h3 Bf5 9. Bb5 Qb6 10. Ba4 Bd3 11. Qb3 Qxb3 12. Bxc6+ bxc6 13. Nxb3 Be4 14. Ke2 Bxf3+ 15. Kxf3 f6 16. e6 f5 17. Bf4 Nf6 18. Rac1 Rc8 19. Na5 Nh5 20. Rxc6 O-O 21. Rd1 Nxf4 22.
Kxf4 Rb8 23. b3 Rb5 24. Ra6 Rb6 25. Rxb6 axb6 26. Nc6 Bh6+ 27. Ke5 Bg5 28. f4 Bh4 29.
Kxd5 Ra8 30. a4 Kf8 31. Kc4 Bg3 32. Rf1 1-0

[Event "Late-Titled-Tuesday-Blitz-February-06-2024"]
[Site "Chess.com"]
[Date "2024.02.06"]
[Round "2"]
[White "Doublekk14"]
[Black "Tsschessulover"]
[Result "0-1"]
[WhiteElo "2316"]
[BlackElo "2585"]
[TimeControl "180+1"]
[EndTime "14:16:04 PST"]
[Termination "Tsschessulover won on time"]

1. c4 Nf6 2. Nc3 g6 3. e3 Bg7 4. Nf3 O-O 5. d3 d5 6. cxd5 Nxd5 7. Bd2 c5 8. a3 Nc6 9. Be2 b6 10. O-O Bb7 11. Qc2 Rc8 12. Rac1 Nd4 13. exd4 cxd4 14. Qb3 dxc3 15. bxc3 Qd6 16. d4 Nf4 17. Bxf4 Qxf4 18.
Qa4 a6 19. Bxa6 Ra8 20. Qd7 Bxa6 21. Rfe1 e6 22. Qc6 Rab8 23. Rb1 Bb7 24. Qd7 Bxf3 25.
gxf3 Qxf3 26. Re3 Qf5 27. Rb5 Qg4+ 28. Rg3 Qd1+ 29. Kg2 Ra8 30. Qd6 Qc1 31. Qb4 Qxa3 32. Rxb6 Qxb4 33. Rxb4 Rfb8 0-1

[Event "Late-Titled-Tuesday-Blitz-February-06-2024"]
[Site "Chess.com"]
[Date "2024.02.06"]
[Round "2"]
[White "familijatop71"]
[Black "dedpihto_v_kozhanom_palto"]
[Result "0-1"]
[WhiteElo "2319"]
[BlackElo "2685"]
[TimeControl "180+1"]
[EndTime "14:16:12 PST"]
[Termination "dedpihto_v_kozhanom_palto won by resignation"]

1. e4 g6 2. d4 Bg7 3. Nc3 d6 4. f4 Nc6 5. Nf3 Bg4 6. Be3 Bxf3 7.
gxf3 e5 8. fxe5 dxe5 9. d5 Nd4 10. Nb5 Nf6 11. Nxd4 exd4 12. Bxd4 O-O 13. Qd2 Nxe4 14.
fxe4 Qh4+ 15. Bf2 Qxe4+ 16. Qe3 Qxh1 17. O-O-O Qxh2 18. Kb1 Rfe8 19. Qf3 Rad8 20. Bg3 Qg1 21. Bb5 Qb6 22. Qb3 Re3 23. Rd3 Rxd3 24. Qxd3 Qg1+ 0-1

[Event "Late-Titled-Tuesday-Blitz-February-06-2024"]
[Site "Chess.com"]
[Date "2024.02.06"]
[Round "2"]
[White "JRenatoMaranhao"]
[Black "andrzej"]
[Result "0-1"]
[WhiteElo "2018"]
[BlackElo "2431"]
[TimeControl "180+1"]
[EndTime "14:16:16 PST"]
[Termination "andrzej won by checkmate"]

1. e4 e5 2. Nf3 Nf6 3. Nc3 Bb4 4. d3 Nc6 5. Be2 d5 6. O-O Bxc3 7. bxc3 dxe4 8. Ng5 exd3 9. Bxd3 h6 10. Nf3 e4 11.
Re1 O-O 12. Ba3 Re8 13. Nh4 exd3 14. Rxe8+ Qxe8 15. cxd3 Bg4 16. Qb3 b6 17. Rf1 Qe6 18. c4 Nd4 19. Qb2 c5 20. h3 Bxh3 21. gxh3 Qxh3 22.
f4 Qxh4 23. Qg2 Re8 24. Bb2 Re2 25. Rf2 Qxf2+ 26. Qxf2 Rxf2 27. Kxf2 g5 28. Kg3 g4 29. a4 Kg7 30. a5 Kg6 31. axb6 axb6 32. Kh4 Nf5# 0-1

[Event "Late-Titled-Tuesday-Blitz-February-06-2024"]
[Site "Chess.com"]
[Date "2024.02.06"]
[Round "2"]
[White "NowInChess"]
[Black "Perecke"]
[Result "0-1"]
[WhiteElo "2340"]
[BlackElo "2564"]
[TimeControl "180+1"]
[EndTime "14:16:17 PST"]
[Termination "Perecke won by resignation"]

1. e4 c5 2. d3 g6 3. g3 Bg7 4.
Bg2 e6 5. f4 Ne7 6. Nf3 O-O 7.
O-O Nbc6 8. c3 b6 9. Be3 Bb7 10. d4 Na5 11. Nbd2 f5 12. dxc5 fxe4 13. Ng5 Nf5 14. Qe2 Nxe3 15. Qxe3 bxc5 16. Ngxe4 d6 17. Ng5 Bxg2 18. Qxe6+ Kh8 19. Kxg2 Qc7 20. Qh3 h6 21. Ndf3 Qb7 22. Ne6 Rfe8 23. Nxg7 Kxg7 24. Rfe1 Nc4 25. Re6 Nd2 26. Qg4 Rxe6 27. Qxe6 Nxf3 28. Qxd6 Ng5+ 29. Kf1 Qf3+ 30. Ke1 Re8+ 31. Kd2 Re2+ 32. Kc1 Qf1+ 33. Qd1 Re1 34. Kc2 Rxd1 35. Rxd1 Qe2+ 36. Rd2 Qe4+ 0-1

[Event "Late-Titled-Tuesday-Blitz-February-06-2024"]
[Site "Chess.com"]
[Date "2024.02.06"]
[Round "2"]
[White "jefferyx"]
[Black "crazy_but_lazy"]
[Result "1-0"]
[WhiteElo "2983"]
[BlackElo "2612"]
[TimeControl "180+1"]
[EndTime "14:16:19 PST"]
[Termination "jefferyx won by resignation"]

1. e4 c5 2. Nf3 Nc6 3. Bb5 g6 4. O-O Bg7 5. Re1 Nf6 6. c3 O-O 7. d4 d5 8. e5 Ne4 9. Bxc6 bxc6 10. Be3 Qb6 11. Qc1 cxd4 12. cxd4 Bg4 13. h3 Bf5 14. Nc3 Nxc3 15. Qxc3 Rfb8 16. b3 a5 17. Rec1 Bd7 18. Nd2 e6 19. h4 a4 20. h5 Bf8 21. Bg5 axb3 22. Nxb3 Ra3 23. Qd2 Rba8 24. Nc5 Bc8 25. hxg6 hxg6 26. Bf6 Qa5 27. Qf4 Rxa2 28. Rxa2 Qxa2 29.
Kh2 Qe2 30. Rc3 Bg7 31. Bxg7 Kxg7 32. Qf6+ 1-0

[Event "Late-Titled-Tuesday-Blitz-February-06-2024"]
[Site "Chess.com"]
[Date "2024.02.06"]
[Round "2"]
[White "trriinu"]
[Black "YurasovMat-2012"]
[Result "0-1"]
[WhiteElo "2201"]
[BlackElo "2681"]
[TimeControl "180+1"]
[EndTime "14:16:19 PST"]
[Termination "YurasovMat-2012 won on time"]

1. e4 e5 2. Nc3 Nf6 3. f4 d5 4. fxe5 Nxe4 5. Qf3 Nc6 6. d3 Nd4 7. Qf4 g5 8. Nxe4 gxf4 9. Nf6+ Qxf6 10. exf6 Nxc2+ 11. Kd1 Nxa1 12. Bxf4 c5 13. Kc1 c4 14. Kb1 Bf5 15.
Kxa1 cxd3 16. Nf3 Rc8 17. Nd4 Be4 18. Nb5 a6 19. Nc3 Bb4 20. Na4 O-O 21. Nb6 Rc2 22. g4 Bxh1 0-1

[Event "Late-Titled-Tuesday-Blitz-February-06-2024"]
[Site "Chess.com"]
[Date "2024.02.06"]
[Round "2"]
[White "rcmz"]
[Black "j_coca"]
[Result "0-1"]
[WhiteElo "2143"]
[BlackElo "2454"]
[TimeControl "180+1"]
[EndTime "14:16:22 PST"]
[Termination "j_coca won by resignation"]

1. b4 Nf6 2. Bb2 g6 3. e3 Bg7 4. f4 O-O 5. Nf3 d6 6. Be2 Nc6 7. b5 Nb8 8. O-O c5 9. c4 Nbd7 10.
a4 b6 11. Qc2 Bb7 12. Nc3 a5 13.
h3 e6 14. d3 d5 15. Rad1 Qe7 16. Ne5 Nxe5 17. fxe5 Nd7 18. d4 dxc4 19. Bxc4 cxd4 20. exd4 Rac8 21. Bd3 Qb4 22. Be2 f6 23. exf6 Rxf6 24. Rxf6 Bxf6 25. Qd2 Kg7 26. Nb1 Qxd2 27. Rxd2 Bd5 28. Nc3 Bb3 29. Bd1 Bxd1 30. Rxd1 Rc4 31. Ne4 Rxa4 32. d5 Bxb2 33. dxe6 Nf6 34. Nxf6 Kxf6 35.
Rf1+ Kxe6 0-1

[Event "Late-Titled-Tuesday-Blitz-February-06-2024"]
[Site "Chess.com"]
[Date "2024.02.06"]
[Round "2"]
[White "vanyakuba"]
[Black "GothamChess"]
[Result "1/2-1/2"]
[WhiteElo "2343"]
[BlackElo "2694"]
[TimeControl "180+1"]
[EndTime "14:16:27 PST"]
[Termination "Game drawn by repetition"]

1. e4 e6 2. d4 d5 3. exd5 exd5 4. Nf3 Nc6 5. c4 dxc4 6. Bxc4 Bb4+ 7. Nc3 Nf6 8. O-O O-O 9. Be3 Bg4 10. h3 Bh5 11. g4 Bg6 12. Ne5 Qd6 13. f4 Ne4 14.
Nxg6 Bxc3 15. Nxf8 Bxb2 16. Qd3 Bxa1 17. Qxe4 Bxd4 18.
Bxd4 Nxd4 19. Qxh7+ Kxf8 20. Qh8+ Ke7 21. Qxa8 Qc5 22.
Re1+ Ne6+ 23. Kg2 Qxc4 24. f5 Qxa2+ 25. Kf1 Qc4+ 26. Re2 Qc1+ 27. Kf2 Qf4+ 28. Ke1 Qc1+ 29. Kf2 Qf4+ 30. Kg2 Qc4 31. Kf2 Qf4+ 1/2-1/2

[Event "Late-Titled-Tuesday-Blitz-February-06-2024"]
[Site "Chess.com"]
[Date "2024.02.06"]
[Round "2"]
[White "hakanazeri2"]
[Black "Boninknights"]
[Result "1-0"]
[WhiteElo "2617"]
[BlackElo "2347"]
[TimeControl "180+1"]
[EndTime "14:16:28 PST"]
[Termination "hakanazeri2 won by resignation"]

1. Nf3 Nf6 2. c4 g6 3. Nc3 Bg7 4.
e4 d6 5. d4 O-O 6. Be2 e5 7. O-O exd4 8. Nxd4 Re8 9. f3 Nc6 10.
Be3 Nh5 11. Qd2 Nf4 12. Rad1 Nxd4 13. Bxd4 Bxd4+ 14. Qxd4 Nxe2+ 15. Nxe2 b6 16. Nc3 Bb7 17. Nd5 Bxd5 18. cxd5 Qg5 19. Rc1 Re7 20. Rc2 Rae8 21. Rfc1 f5 22. Rxc7 fxe4 23. fxe4 Qf4 24. h3 Qxe4 25.
Qxe4 Rxe4 26. Rxa7 Re1+ 27. Rxe1 Rxe1+ 28. Kh2 Rd1 29. Rb7 Rxd5 30. Rxb6 Rd2 31. a4 d5 32. a5 Rd1 33. a6 Ra1 34. b4 d4 35. b5 Ra5 36.
Rb7 1-0

[Event "Late-Titled-Tuesday-Blitz-February-06-2024"]
[Site "Chess.com"]
[Date "2024.02.06"]
[Round "2"]
[White "Zavgorodniy_Sergiy"]
[Black "GMBenjaminBok"]
[Result "0-1"]
[WhiteElo "2613"]
[BlackElo "2988"]
[TimeControl "180+1"]
[EndTime "14:16:34 PST"]
[Termination "GMBenjaminBok won by resignation"]

1. d4 Nf6 2. c4 e6 3. Nf3 b6 4.
g3 Ba6 5. Nbd2 Bb7 6. Bg2 Be7 7.
O-O O-O 8. b3 c5 9. Bb2 Qc7 10.
Rc1 cxd4 11. Nxd4 Bxg2 12. Kxg2 a6 13. Qc2 d6 14. a4 Nbd7 15. Kg1 Rfc8 16. Qb1 Qb7 17.
Ba1 h6 18. Rfd1 Nc5 19. e3 Rab8 20. Qc2 Ncd7 21. Qd3 Ne5 22. Qe2 Nfd7 23. h3 Nc5 24. Rb1 Bf6 25. N2f3 Nxf3+ 26. Qxf3 Qxf3 27. Nxf3 Bxa1 28. Rxa1 Nxb3 29. Rab1 Na5 30. Rxd6 Nxc4 31. Rd7 b5 32. axb5 axb5 33. Nd4 b4 34. Nb3 g6 35. Rc1 Ne5 36.
Rxc8+ Rxc8 37. Rb7 Nd3 38. Nd4 e5 39. Nb5 b3 40. Nd6 Rc1+ 41. Kg2 b2 42. Nxf7 b1=Q 43.
Nxh6+ Kf8 0-1

[Event "Late-Titled-Tuesday-Blitz-February-06-2024"]
[Site "Chess.com"]
[Date "2024.02.06"]
[Round "2"]
[White "dennisodessa"]
[Black "Genghis_K"]
[Result "0-1"]
[WhiteElo "2583"]
[BlackElo "2898"]
[TimeControl "180+1"]
[EndTime "14:16:42 PST"]
[Termination "Genghis_K won by resignation"]

1. d4 d5 2. c4 e6 3. Nc3 Nf6 4. cxd5 exd5 5. Bg5 c6 6. Qc2 h6 7. Bh4 Be7 8. e3 O-O 9. Bd3 a5 10. Nf3 Na6 11. a3 Nc7 12. O-O Ne6 13. Rab1 Ne8 14. Bxe7 Qxe7 15. b4 axb4 16. axb4 Nf6 17. b5 c5 18.
dxc5 Qxc5 19. Ne2 Qxc2 20. Bxc2 Ra2 21. Ned4 Bd7 22. Bf5 Rfa8 23. Bxe6 Bxe6 24. Ne5 Ne4 25. Rbc1 Rb2 26. Rc7 Raa2 27. Nd3 Rd2 28. Nb4 Rab2 29. Nbc2 b6 30. f3 Nc5 31. Rc6 Bf5 32. Rc1 Bxc2 33. Nxc2 Nd3 0-1

[Event "Late-Titled-Tuesday-Blitz-February-06-2024"]
[Site "Chess.com"]
[Date "2024.02.06"]
[Round "2"]
[White "N_I_Chess"]
[Black "Rutricks"]
[Result "0-1"]
[WhiteElo "2344"]
[BlackElo "2708"]
[TimeControl "180+1"]
[EndTime "14:16:42 PST"]
[Termination "Rutricks won by resignation"]

1. d4 g6 2. c4 Bg7 3. Nc3 d6 4. e4 Nd7 5. f4 e5 6. fxe5 dxe5 7. d5 Nh6 8. Nf3 O-O 9. Bd3 f5 10. Bg5 Qe8 11. O-O a6 12. b4 Nf7 13. Bh4 f4 14. c5 h6 15. h3 g5 16. Bf2 h5 17.
Nh2 Nf6 18. Be2 Nh6 19. d6 c6 20. Bc4+ Kh8 21. Na4 Be6 22. Bxe6 Qxe6 23. Nb6 Rad8 24.
Qb3 Qxb3 25. axb3 Nxe4 26. Be1 Ng3 27. Bxg3 fxg3 28. Rxf8+ Rxf8 29. Nf3 e4 30. Nxg5 Bd4+ 31. Kh1 Bxa1 32. Nf3 exf3 33. gxf3 0-1

[Event "Late-Titled-Tuesday-Blitz-February-06-2024"]
[Site "Chess.com"]
[Date "2024.02.06"]
[Round "2"]
[White "Lennis93"]
[Black "Ready4abattle"]
[Result "1-0"]
[WhiteElo "2682"]
[BlackElo "2305"]
[TimeControl "180+1"]
[EndTime "14:16:42 PST"]
[Termination "Lennis93 won by resignation"]

1. d4 Nf6 2. c4 g6 3. Nc3 d5 4. Nf3 Bg7 5. Bf4 O-O 6. Rc1 dxc4 7.
e3 c5 8. dxc5 Qa5 9. Bxc4 Qxc5 10. Bb3 Nc6 11. O-O Qh5 12. h3 e5 13. Bh2 Rd8 14.
Qe2 e4 15. Nd4 Nxd4 16. Qxh5 Nxh5 17. exd4 Bxd4 18. Nxe4 Bf5 19. Nd6 Bxb2 20. Rc7 Rd7 21. Bxf7+ Kg7 22. Nxf5+ 1-0

[Event "Late-Titled-Tuesday-Blitz-February-06-2024"]
[Site "Chess.com"]
[Date "2024.02.06"]
[Round "2"]
[White "djano"]
[Black "spaski2004"]
[Result "1-0"]
[WhiteElo "2624"]
[BlackElo "2942"]
[TimeControl "180+1"]
[EndTime "14:16:43 PST"]
[Termination "djano won by resignation"]

1. e4 c6 2. d4 d6 3. Nc3 b5 4. Nf3 Bg4 5. h3 Bxf3 6. Qxf3 b4 7. Nd1 e6 8. Bd3 d5 9. O-O Nd7 10. Ne3 g6 11. Re1 Ne7 12. Bd2 a5 13. exd5 cxd5 14. Bb5 Bg7 15. Nxd5 exd5 16. Qxd5 Ra7 17. Bg5 f6 18.
Bf4 Rf8 19. Re2 Rf7 20. Rae1 Bf8 21. Bd6 Qb6 22. Bxe7 1-0

[Event "Late-Titled-Tuesday-Blitz-February-06-2024"]
[Site "Chess.com"]
[Date "2024.02.06"]
[Round "2"]
[White "cristianserban1"]
[Black "Charodej1"]
[Result "1-0"]
[WhiteElo "2522"]
[BlackElo "2285"]
[TimeControl "180+1"]
[EndTime "14:16:46 PST"]
[Termination "cristianserban1 won by resignation"]

1. Nf3 d5 2. b3 Nf6 3. Bb2 c6 4. e3 Bf5 5. d3 Nbd7 6. Nbd2 e6 7.
h3 Be7 8. g4 Bg6 9. Nh4 a5 10.
a3 a4 11. b4 c5 12. bxc5 Bxc5 13. Bg2 Qe7 14. Qe2 Rb8 15. f4 b5 16. g5 Nh5 17.
Nf1 f6 18. Bf3 fxg5 19. Bxh5 gxh4 20. Rg1 Nf8 21. Nd2 b4 22. axb4 Bxb4 23. Be5 Ra8 24. Kf2 Qf7 25. Bxg6 Nxg6 26. Nf3 Kd7 27. Bd4 Rhb8 28.
Rxg6 1-0

[Event "Late-Titled-Tuesday-Blitz-February-06-2024"]
[Site "Chess.com"]
[Date "2024.02.06"]
[Round "2"]
[White "lachesisQ"]
[Black "protectiago"]
[Result "1-0"]
[WhiteElo "3072"]
[BlackElo "2079"]
[TimeControl "180+1"]
[EndTime "14:16:47 PST"]
[Termination "lachesisQ won by resignation"]

1. e4 e5 2. f4 exf4 3. Nf3 Be7 4. Bc4 Bh4+ 5. Kf1 d5 6. Bxd5 Nf6 7. Nxh4 Nxd5 8.
exd5 Qxh4 9. d3 O-O 10. Qe1 Qg5 11. Nc3 c6 12. Qf2 cxd5 13. Bxf4 Qf5 14. Bd6 Rd8 15.
Bc7 Qxf2+ 16. Kxf2 Rd7 17. Rae1 Kf8 18. Nb5 g6 19.
Bd6+ Kg7 20. Nc7 Rxd6 21. Ne8+ Kf8 22. Nxd6 Be6 23. Nxb7 Nc6 24. Nc5 Rb8 25. Rxe6 fxe6 26. Nd7+ Ke7 27. Nxb8 Nxb8 28. Ke3 Kd6 29. c4 Nc6 30. Rf1 Ne5 31. c5+ Ke7 32. h3 Nc6 33.
d4 a5 34. b3 Nb4 35. Rf2 e5 36. a3 Nc6 37. dxe5 Nxe5 38. Kd4 Nc6+ 39. Kxd5 1-0

[Event "Late-Titled-Tuesday-Blitz-February-06-2024"]
[Site "Chess.com"]
[Date "2024.02.06"]
[Round "2"]
[White "snowlord"]
[Black "Practical-Play"]
[Result "1-0"]
[WhiteElo "2868"]
[BlackElo "2569"]
[TimeControl "180+1"]
[EndTime "14:16:48 PST"]
[Termination "snowlord won by checkmate"]

1. d4 Nf6 2. c4 d5 3. cxd5 Nxd5 4. Nf3 Nf6 5. Nc3 Bf5 6. Qb3 Qc8 7. Ng5 Bg6 8. e4 h6 9. Nf3 Nxe4 10. Ne5 Nxc3 11.
Nxg6 fxg6 12. bxc3 e5 13. Bc4 Bd6 14. Bf7+ Kd8 15.
dxe5 Bxe5 16. O-O Nc6 17. Rd1+ Bd6 18. Be6 Qb8 19. c4 Ke7 20. c5 Bxc5 21. Rd7+ Ke8 22.
Bb2 a5 23. Re1 Qa7 24. Bg4+ Ne7 25. Rexe7+ Bxe7 26.
Rxe7+ Kxe7 27. Qe6+ Kf8 28. Bxg7+ Kxg7 29. Qe7+ Kg8 30.
Be6# 1-0

[Event "Late-Titled-Tuesday-Blitz-February-06-2024"]
[Site "Chess.com"]
[Date "2024.02.06"]
[Round "2"]
[White "maciek_92"]
[Black "ThePeacefulPanda"]
[Result "1-0"]
[WhiteElo "2797"]
[BlackElo "2534"]
[TimeControl "180+1"]
[EndTime "14:16:49 PST"]
[Termination "maciek_92 won on time"]

1. c4 Nf6 2. Nc3 g6 3. d4 Bg7 4. e4 O-O 5. h3 d6 6. Be3 c5 7.
d5 e6 8. Nf3 exd5 9. exd5 Re8 10. Be2 Ne4 11. Nxe4 Rxe4 12. Qd2 Qb6 13. Rb1 Bf5 14.
O-O Rxe3 15. Qxe3 Bxb1 16. Qe8+ Bf8 17. Rxb1 Qc7 18. Bd3 a5 19. Bc2 Ra7 20. Ba4 Qe7 21. Re1 Qxe8 22. Rxe8 Na6 23. a3 Kg7 24. Ng5 Nc7 25. Rc8 b6 26. Bc6 Be7 27. Ne4 f5 28. Nc3 Bf6 29. Na4 Na6 30. b3 Re7 31. Kf1 Nc7 32.
g3 Bd4 33. Nxb6 1-0

[Event "Late-Titled-Tuesday-Blitz-February-06-2024"]
[Site "Chess.com"]
[Date "2024.02.06"]
[Round "2"]
[White "Alina_Gumerovna"]
[Black "malakismayil"]
[Result "0-1"]
[WhiteElo "2097"]
[BlackElo "2453"]
[TimeControl "180+1"]
[EndTime "14:16:49 PST"]
[Termination "malakismayil won on time"]

1. e4 e5 2. Nf3 Nc6 3. Bb5 a6 4. Ba4 Nf6 5. O-O b5 6. Bb3 Be7 7. Re1 O-O 8. c3 d6 9. h3 h6 10. d4 Re8 11. Nbd2 Bf8 12. Nf1 Qe7 13. Bd5 Bd7 14. Ng3 g6 15. Be3 Bg7 16. Qd2 Kh7 17. a4 Rab8 18. axb5 axb5 19. Ra6 Nd8 20. Bb3 Bc8 21.
Ra5 Nc6 22. Raa1 Bb7 23. d5 Nd8 24. Bc2 c5 25. b4 c4 26. Ra5 Qd7 27. Ra2 Ng8 28.
Nh2 f6 29. f4 Nf7 30. f5 g5 31. Ne2 Ra8 32. Rea1 Rxa2 33. Rxa2 Ra8 34. Bb1 Qc8 35. g4 Bf8 36. Nf3 Be7 37. h4 Kg7 0-1